 Dungeon Crawl Stone Soup version 0.26-a0-737-g4e9f4955e2 (webtiles) character file.

Game seed: 11584864087749657957

392 loadgator530 the Grave Robber (level 6, 0/43 HPs)
             Began as a Mummy Necromancer on Nov 4, 2020.
             Slain by a bullfrog skeleton (6 damage)
             ... on level 6 of the Dungeon.
             The game lasted 00:10:48 (3555 turns).

loadgator530 the Grave Robber (Mummy Necromancer)   Turns: 3555, Time: 00:10:49

Health: 0/43       AC:  4    Str: 11    XL:     6   Next: 51%
Magic:  4/12       EV: 12    Int: 17    God:
Gold:   166        SH:  0    Dex: 12    Spells: 8/13 levels left

rFire    x . .     SeeInvis .   d - +2 hunting sling (freeze)
rCold    + . .     Faith    .   (no shield)
rNeg     + + +     Spirit   .   l - +0 animal skin
rPois    ∞         Reflect  .   m - +1 helmet
rElec    .         Harm     .   (no cloak)
rCorr    .         Rampage  .   (no gloves)
MR       .....                  (no boots)
Stlth    ++........             (no amulet)
HPRegen  0.14/turn              (no ring)
MPRegen  0.13/turn              (no ring)

@: no status effects
A: no potions, fire vulnerability, cold resistance 1, negative energy resistance
3, torment resistance, unbreathing
a: no special abilities


You were on level 6 of the Dungeon.
You visited 1 branch of the dungeon, and saw 4 of its levels.

You collected 166 gold pieces.

Inventory:

Hand Weapons
 c - a +0 short sword
 d - a +2 hunting sling of freezing (weapon)
Missiles
 f - 20 stones (quivered)
 i - 29 sling bullets
Armour
 l - a +0 animal skin (worn)
 m - a +1 helmet (worn)
Jewellery
 n - a cursed ring of teleportation {unknown}
Wands
 a - a wand of polymorph (10)
Scrolls
 b - a scroll of immolation
 e - a scroll of teleportation
 g - a scroll of fog
 h - a scroll of noise
 j - a scroll of magic mapping
 k - 2 scrolls of identify


   Skills:
 + Level 1.0 Fighting
 + Level 3.1 Slings
 + Level 1.6 Dodging
 + Level 2.1 Stealth
 + Level 4.3 Spellcasting
 + Level 5.6 Necromancy


You had 8 spell levels left.
You knew the following spells:

 Your Spells              Type           Power        Failure   Level
a - Pain                  Necr           ###.         1%          1
b - Animate Skeleton      Necr           ###...       1%          1
c - Vampiric Draining     Necr           ###.......   4%          3

Your spell library contained the following spells:

 Spells                   Type           Power        Failure   Level
 Animate Dead             Necr           ###.......   14%         4
 Agony                    Necr           ###.....     38%         5


Dungeon Overview and Level Annotations

Branches:
Dungeon (3/15)

Altars:
Sif Muna


Innate Abilities, Weirdness & Mutations

You do not drink.
Your flesh is vulnerable to fire.
You are immune to poison.
Your flesh is cold resistant. (rC+)
You are immune to negative energy. (rN+++)
You are immune to unholy pain and torment.
You can survive without breathing.


Message History

Aim: Prince Ribbit (almost dead, slow)
You kill Prince Ribbit!
Prince Ribbit returns to his original shape as he dies.
Your Fighting skill increases to level 1!
Your Slings skill increases to level 3!
Your Stealth skill increases to level 2!
Your Spellcasting skill increases to level 4!
You have reached level 6!
Your experience leads to an increase in your attributes!
Increase (S)trength, (I)ntelligence, or (D)exterity?
You feel clever.
The bullfrog skeleton closely misses you.
You are too injured to fight recklessly!
Firing (i - inventory. (/) - cycle)
f - 21 stones (quivered)
Press: ? - help, Shift-Dir - straight line, f - bullfrog skeleton
Aim: a bullfrog skeleton You shoot a stone.
The stone hits the bullfrog skeleton!
The bullfrog skeleton is moderately damaged.
The bullfrog skeleton hits you.
You die...

##+## ##...## #
##.....####.#
##.......#....
#..........#
+....†.....#
#......@((_#
##......Z#..(§(
##.....## ###
##...## ##+##


You could see a bullfrog skeleton.

Vanquished Creatures
  Prince Ribbit (D:6)
  Natasha (thrice) (D:2)
  A howler monkey zombie (D:2)
  Robin (D:2)
  3 adders (D:2)
  An ooze (D:2)
  A worm (D:3)
  A dart slug (D:1)
  An orc (D:3)
  3 giant cockroaches
  11 goblins
  5 hobgoblins
  2 jackals (D:3)
  9 kobolds
  A quokka (D:2)
  A ball python (D:3)
  6 bats
  A frilled lizard (D:2)
  8 rats
60 creatures vanquished.

Vanquished Creatures (collateral kills)
  A leopard gecko (D:2)
  2 goblins (D:2)
  A jackal (D:3)
  A frilled lizard (D:2)
5 creatures vanquished.

Grand Total: 65 creatures vanquished

Notes
Turn   | Place    | Note
-------+----------+-------------------------------------------
     0 | D:1      | loadgator530 the Mummy Necromancer began the quest for the
                  | Orb.
     0 | D:1      | Reached XP level 1. HP: 13/13 MP: 4/4
    34 | D:1      | Learned a level 1 spell: Animate Skeleton
   558 | D:1      | Reached XP level 2. HP: 19/19 MP: 1/5
  1576 | D:2      | Reached XP level 3. HP: 24/24 MP: 3/7
  1617 | D:2      | Noticed Robin
  1621 | D:2      | Killed Robin
  1649 | D:2      | Reached skill level 5 in Necromancy
  1887 | D:2      | Noticed Natasha
  1915 | D:2      | Killed Natasha
  1915 | D:2      | Reached skill level 1 in Slings
  1915 | D:2      | Reached XP level 4. HP: 17/30 MP: 9/9
  2089 | D:2      | Noticed Natasha
  2099 | D:2      | Killed Natasha
  2193 | D:2      | Noticed Natasha
  2201 | D:2      | Killed Natasha
  2201 | D:2      | Reached XP level 5. HP: 27/35 MP: 10/10
  2427 | D:2      | Learned a level 3 spell: Vampiric Draining
  3538 | D:3      | You fall into a shaft and drop 3 floors!
  3538 | D:6      | Found a shimmering blue altar of Sif Muna.
  3545 | D:6      | Noticed Prince Ribbit
  3552 | D:6      | Noticed a phantom
  3554 | D:6      | Killed Prince Ribbit
  3554 | D:6      | Reached skill level 1 in Fighting
  3554 | D:6      | Reached XP level 6. HP: 6/43 MP: 4/12
  3555 | D:6      | Slain by a bullfrog skeleton

Illustrated notes

Levels and vault maps discovered:
D:1:      dpeg_chamrin_arrival_tetris, layout_loops_corners
D:2:      layout_basic, uniq_natasha, uniq_robin
D:3:      layout_loops_corners, kb_xom_exploding_sheep, kennysheep_jessica_study
D:6:      layout_loops_corners, overflow_temple_1_default,
          minmay_temple_entry_ruins, st_stairs_4, uniq_prince_ribbit1

Skill      XL: |  1  2  3  4  5 |
---------------+----------------+-----
Spellcasting   | 3 4 |  4.3
Necromancy     | 5 |  5.6
Slings         | 1 2 3 |  3.1
Fighting       | 1 |  1.0
Stealth        | 2 |  2.1
Dodging        | |  1.6

Action                   |  1- 3 |  4- 6 || total
-------------------------+-------+-------++-------
Melee: Dagger            |     2 |       ||     2
 Fire: Hunting sling     |    33 |    59 ||    92
 Cast: Pain              |    45 |    20 ||    65
       Animate Skeleton  |     5 |     6 ||    11
       Vampiric Draining |       |     2 ||     2
  Use: Scroll            |     4 |     3 ||     7
Armor: Robe              |     3 |       ||     3
       Animal skin       |       |     2 ||     2
Dodge: Dodged            |    18 |     9 ||    27

Table legend: (Time is in decaauts)
 A = Elapsed time spent in this place.
 B = Non-inter-level travel time spent in this place.
 C = Inter-level travel time spent in this place.
 D = Time resting spent in this place.
 E = Time spent auto-exploring this place.
 F = Levels seen in this place.
 G = Mean time per level.
                   A        B        C        D        E       F      G
               +--------+--------+--------+--------+--------+-----+--------+
         Total |   3563 |   3261 |    302 |    761 |   1975 |   4 |  890.8 |
       Dungeon |   3563 |   3261 |    302 |    761 |   1975 |   4 |  890.8 |
               +--------+--------+--------+--------+--------+-----+--------+

Top non-repeatable levels by time:
     D:2: 1602 daAuts
     D:1: 1472 daAuts
     D:3: 470 daAuts
     D:6: 17 daAuts
